 Dungeon Crawl Stone Soup version 0.32-a0-540-g866d131 (webtiles) character file.

Game seed: 12138015084002821353

65287 skewfiend the Executioner (level 14, -1/134 (138) HPs)
             Began as a Mountain Dwarf Fighter on Feb 27, 2024.
             Was the Champion of Wu Jian.
             Killed by divine providence
             ... invoked by an orc high priest
              (12 damage)
             ... on level 2 of the Orcish Mines on Feb 28, 2024.
             The game lasted 01:26:39 (20421 turns).

skewfiend the Executioner (Mountain Dwarf Fighter) Turns: 20421, Time: 01:26:40

HP:   -1/134 (138)  AC: 25    Str: 18    XL:     14   Next: 74%
MP:   14/14         EV: 10    Int: 11    God:    Wu Jian [******]
Gold: 2349          SH: 18    Dex: 13    Spells: 13/13 levels left

rFire   + . .        o - +0 broad axe
rCold   + . .        E - +2 tower shield {rC+}
rNeg    . . .        a - +2 plate armour {rF+}
rPois   +            v - +0 helmet
rElec   .            C - scarf {repulsion}
rCorr   .            f - +2 pair of gloves
SInv    .            L - +2 pair of boots
Will    +....        V - amulet of regeneration Stlth
                     m - +5 ring of evasion
HPRegen 1.22/turn    P - ring of poison resistance
MPRegen 0.14/turn

%: repel missiles
@: about to teleport, lightly drained
A: runic magic, artefact enchanting
a: Renounce Religion, Wall Jump, Serpent's Lash, Heavenly Storm


You were on level 2 of the Orcish Mines.
You worshipped Wu Jian.
Wu Jian was exalted by your worship.
You visited 3 branches of the dungeon, and saw 18 of its levels.
You also visited: Sewer and Ice Cave.

You collected 2349 gold pieces.

Inventory:

Hand Weapons
 o - a +0 broad axe (weapon)
 U - a +2 trident of venom
 Z - a +0 hand axe of flaming
Missiles
 s - 138 stones (quivered)
 x - 17 javelins
 z - 15 boomerangs
 F - 5 throwing nets
 O - 17 poisoned darts
 X - 3 curare-tipped darts
Armour
 a - a +2 plate armour of fire resistance (worn)
 f - a +2 pair of gloves (worn)
 v - a +0 helmet (worn)
 C - a scarf of repulsion (worn)
 E - a +2 tower shield of cold resistance (worn)
 L - a +2 pair of boots (worn)
Jewellery
 m - a +5 ring of evasion (left hand)
 u - a ring of positive energy
 P - a ring of poison resistance (right hand)
 V - an amulet of regeneration (around neck)
 Y - a +5 ring of evasion
Wands
 b - a wand of polymorph (6)
 I - a wand of roots (13)
 J - a wand of paralysis (3)
 K - a wand of light (27)
Scrolls
 c - a scroll of enchant armour {unknown}
 l - 2 scrolls of poison
 p - a scroll of revelation
 B - a scroll of blinking
 M - 7 scrolls of teleportation
 S - a scroll of summoning
Potions
 d - a potion of might
 e - a potion of enlightenment
 h - 4 potions of brilliance
 i - 2 potions of haste
 j - 5 potions of curing
 k - 6 potions of lignification
 n - 4 potions of resistance
 q - a potion of cancellation
 G - a potion of invisibility
 R - a potion of berserk rage
Miscellaneous
 w - a condenser vane
 T - a box of beasts (inert)
 W - a lightning rod (4/4)


   Skills:
 * Level 16.3 Fighting
 + Level 21.4 Axes
 + Level 10.2 Armour
 + Level 6.5 Dodging
 + Level 10.0 Shields
 + Level 3.7 Evocations


You had 13 spell levels left.
You didn't know any spells.
Your spell library contained the following spells:

 Spells                   Type           Power      Damage    Failure   Level
 Apportation              Tloc           0%         N/A       98%         1
 Sandblast                Erth           0%         2d4       98%         1
 Sting                    Conj/Alch      0%         1d3       98%         1
 Blink                    Tloc           0%         N/A       99%         2
 Cigotuvi's Dreadful Rot  Necr/Alch/Air  0%         N/A       99%         2
 Lesser Beckoning         Tloc           0%         N/A       99%         2
 Mercury Vapours          Alch/Air       0%         N/A       99%         2
 Momentum Strike          Conj/Tloc      0%         3d8       99%         2
 Static Discharge         Conj/Air       0%         3-3/arc   99%         2
 Frozen Ramparts          Ice            0%         1d1       100%        3
 Gell's Gravitas          Tloc           0%         N/A       100%        3
 Ozocubu's Armour         Ice            0%         N/A       100%        3
 Passwall                 Erth           0%         N/A       100%        3
 Stone Arrow              Conj/Erth      0%         3d7       100%        3
 Teleport Other           Tloc           0%         N/A       100%        3
 Volatile Blastmotes      Fire/Tloc      0%         2d10      100%        3
 Airstrike                Air            0%         2d(0-16)  100%        4
 Brom's Barrelling Bould  Conj/Erth      0%         2d3       100%        4
 Olgreb's Toxic Radiance  Alch           0%         N/A       100%        4
 Summon Lightning Spire   Summ/Air       0%         N/A       100%        4
 Metabolic Englaciation   Hex/Ice        0%         N/A       100%        5
 Sculpt Simulacrum        Ice/Alch       0%         N/A       100%        6
 Malign Gateway           Summ/Tloc      0%         N/A       100%        7


Dungeon Overview and Level Annotations

Branches:
Dungeon (11/15)            Temple (0/1) D:5            Lair (5/5) D:10
 Shoals (0/4) Lair:2       Spider (0/4) Lair:3        Slime (0/5) Lair:5
    Orc (2/2) D:9             Elf (0/3) Orc:2         Sewer (visited)
  IceCv (visited)

Altars:
Cheibriados
Dithmenos
Elyvilon
Fedhas
Kikubaaqudgha
Makhleb
Qazlal
Ru
Trog
Vehumet
Wu Jian
The Shining One
Jiyva

Shops:
D:2 (   D:3 (   Orc:1 =   Orc:2 *

Annotations:
Lair:2 1 runed translucent door, Ifreg's ghost, journeyman DjAl


Innate Abilities, Weirdness & Mutations

Your spellcasting is much less encumbered by armour.
You can use scrolls of enchantment on lesser artefacts.


Message History

You block the orc warrior's attack.
As you read the scroll of fear, it crumbles to dust.
You assume a fearsome visage.
The ice devil easily resists.
The sun demon resists with some effort.
The orange demon looks frightened!
The soul eater resists with almost no effort.
The ice devil looks frightened!
The sixfirhy looks frightened!
The orc warrior looks frightened!
The orc high priest resists with some effort.
The orc high priest looks frightened!
Your juvenile weirdshock beast bursts into living lightning!
The living lightning hits the orc warrior!!
The orc warrior dies!
The Council accepts your kill.
The living lightning hits the orc high priest!!
Your juvenile weirdshock beast blinks!
You block the ice devil's attack. You block the soul eater's attack.
You block the sun demon's attack.
Unknown command.
Okay, then.
Okay, then.
You feel better.
The orc high priest mumbles some strange prayers to Beogh against you.
Pain shoots through your body!
* * * LOW HITPOINT WARNING * * *
The ice devil closely misses you. You block the sun demon's attack.
You block the soul eater's attack.
Unknown command.
As you read the scroll of teleportation, it crumbles to dust.
You feel strangely unstable.
Your juvenile weirdshock beast bursts into living lightning!
The living lightning hits the orc high priest!!
The orc high priest dies!
The Council accepts your kill.
The ice devil disappears in a puff of smoke!
The orange demon disappears in a puff of smoke!
The soul eater disappears in a puff of smoke!
Your juvenile weirdshock beast blinks!
The orc high priest mumbles some strange prayers to Beogh against you.
Beogh smites you!
You die...

..........................##
...........................##
............................##
..............)..............#
..............).............##
..............)##............####
...........)..).###......#....##.
...........))...§3##.....#.......
......))........@§.##....##......
........))#####.o...##..###.....#
.......)).# ###..H.#..####.....
.........## ##§)4#...# ##.#.#
.....##### #).§##.## ##### ....##
#.÷.##### .....# .÷o....# .....#
..÷.÷.## .^...# o÷...## ###


You could see an orc high priest, a sun demon (summoned), an ice devil
(summoned, fleeing) and a friendly juvenile weirdshock beast (summoned).

Vanquished Creatures
  Gastronok (Orc:1)
  A reaper (IceCv)
  Josephine (Orc:1)
  A catoblepas (Lair:3)
  An ogre mage (Orc:2)
  4 two-headed ogres
  A death yak (Lair:5)
  A boulder beetle (Lair:5)
  Urug (D:10)
  2 orc high priests (Orc:2)
  Lodul (D:10)
  2 skysharks (Lair:5)
  3 harpies (Lair:2)
  4 orc knights
  Maurice (D:8)
  4 orc sorcerers
  A wolf spider (Lair:5)
  2 oklob plants
  14 elephants
  A kobold blastminer (Orc:2)
  2 ice statues (IceCv)
  9 black mambas
  Joseph (D:8)
  A torpor snail (Lair:5)
  14 cane toads
  A guardian serpent (Lair:5)
  Maggie (D:7)
  5 rime drakes
  A yaktaur (Orc:2)
  6 ice devils (IceCv)
  3 komodo dragons
  3 anaconda simulacra (IceCv)
  A troll (D:10)
  4 hornets
  3 polar bears
  2 raiju (D:10)
  12 blink frogs
  A jumping spider (Lair:3)
  6 wraiths
  12 wyverns
  A culicivora (Lair:3)
  4 basilisks
  Grum (D:10)
  3 dire elephant simulacra (IceCv)
  62 yaks
  4 steam dragons
  A warg (Orc:1)
  4 vampire mosquitoes (Lair:3)
  A death yak simulacrum (IceCv)
  2 acid dragons (D:10)
  A naga (D:10)
  2 hell hounds (Lair:5)
  22 water moccasins
  4 hydra simulacra (IceCv)
  A meliai simulacrum (D:11)
  18 orc warriors
  Pargi (Sewer)
  2 ice beasts
  5 black bears
  13 ogres
  4 wolves (D:10)
  3 centaurs
  2 kobold brigands (D:9)
  14 bullfrogs
  2 brain worms (Sewer)
  A gnoll sergeant (D:9)
  4 scorpions
  13 wights (D:8)
  9 killer bees
  3 jellies
  5 howler monkeys
  9 electric eels
  2 hounds (D:5)
  2 bombardier beetles
  13 orc priests
  2 gnoll boudas
  9 iguanas
  A sleepcap (D:5)
  17 orc wizards
  17 gnolls
  A naga simulacrum (IceCv)
  6 adders
  2 river rats
  A shadow imp (D:7)
  2 white imps
  8 ufetubi
  5 ribbon worms
  4 dart slugs
  55 orcs
  7 bats
  5 endoplasms
  9 giant cockroaches
  4 goblins
  3 hobgoblins
  4 jackals (D:3)
  3 quokkas
  15 ball pythons
  13 frilled lizards
  9 kobolds
  10 rats
585 creatures vanquished.

Vanquished Creatures (collateral kills)
  An orc high priest (Orc:2)
  An orc warrior (Orc:2)
2 creatures vanquished.

Vanquished Creatures (others)
  A killer bee (D:8)
1 creature vanquished.

Grand Total: 588 creatures vanquished

Notes
Turn   | Place    | Note
-------+----------+-------------------------------------------
     0 | D:1      | skewfiend the Mountain Dwarf Fighter began the quest for
                  | the Orb.
     0 | D:1      | Reached XP level 1. HP: 19/19 MP: 1/1
    47 | D:1      | Reached skill level 3 in Axes
    92 | D:1      | Reached XP level 2. HP: 26/26 MP: 2/2
   475 | D:1      | Reached XP level 3. HP: 33/33 MP: 3/3
   550 | D:1      | You fall into a shaft and drop 1 floor!
   596 | D:2      | Reached skill level 4 in Axes
  1081 | D:2      | Reached XP level 4. HP: 26/40 MP: 4/4
  1163 | D:2      | Got Zahin's Spellbook of the Weathered Excursion
  1479 | D:2      | Found Ogugofed's Weapon Boutique.
  1838 | D:3      | Identified a scroll of acquirement
  1838 | D:3      | Acquired a manual of Axes
  1866 | D:3      | Reached skill level 5 in Axes
  1893 | D:3      | Noticed a scorpion
  1900 | D:3      | Killed a scorpion
  1901 | D:3      | Reached skill level 6 in Axes
  1901 | D:3      | Reached XP level 5. HP: 41/47 MP: 5/5
  1903 | D:3      | Found an ornate altar of the Wu Jian Council.
  1922 | D:3      | Became a worshipper of the Wu Jian Council
  2048 | D:3      | Found a glowing drain.
  2061 | D:3      | Reached skill level 7 in Axes
  2075 | Sewer    | Entered a sewer
  2197 | Sewer    | Noticed Pargi
  2211 | Sewer    | Killed Pargi
  2212 | Sewer    | Reached skill level 5 in Fighting
  2212 | Sewer    | Reached skill level 8 in Axes
  2212 | Sewer    | Reached XP level 6. HP: 51/56 MP: 6/6
  2286 | Sewer    | Reached skill level 9 in Axes
  2425 | D:3      | Reached * piety under Wu Jian
  2582 | D:3      | Found Walemoru's Antique Weapon Boutique.
  2870 | D:3      | Found a bloodstained altar of Trog.
  3088 | D:4      | Reached XP level 7. HP: 51/62 MP: 7/7
  3296 | D:4      | Reached skill level 10 in Axes
  3379 | D:4      | Identified the +2 leather armour of Sloth {Harm Str+2}
  3518 | D:4      | Found a radiant altar of Vehumet.
  3586 | D:5      | Entered Level 5 of the Dungeon
  3609 | D:5      | Reached skill level 11 in Axes
  3759 | D:5      | Found a staircase to the Ecumenical Temple.
  4049 | D:5      | Reached skill level 12 in Axes
  4063 | D:5      | Found a glowing golden altar of the Shining One.
  4103 | D:5      | Reached XP level 8. HP: 63/71 MP: 8/8
  4260 | D:5      | Reached ** piety under Wu Jian
  4261 | D:5      | Reached skill level 13 in Axes
  4915 | D:6      | Reached skill level 14 in Axes
  5146 | D:6      | Reached skill level 15 in Axes
  5398 | D:7      | Reached XP level 9. HP: 74/81 MP: 9/9
  5541 | D:7      | Noticed Maggie
  5546 | D:7      | Killed Maggie
  5547 | D:7      | Reached skill level 16 in Axes
  5604 | D:7      | Reached *** piety under Wu Jian
  5651 | D:7      | Reached skill level 17 in Axes
  5765 | D:7      | Found a white marble altar of Elyvilon.
  5814 | D:7      | Found a stormy altar of Qazlal.
  6020 | D:7      | Found a shadowy altar of Dithmenos.
  6175 | D:8      | Noticed a two-headed ogre
  6295 | D:7      | Killed a two-headed ogre
  6296 | D:7      | Reached skill level 10 in Fighting
  6296 | D:7      | Reached XP level 10. HP: 45/93 MP: 10/10
  6446 | D:8      | HP: 4/93 [electric eel/bolt of electricity (9)]
  6449 | D:8      | Upgraded the game from 0.32-a0-522-g3863d58 to
                  | 0.32-a0-532-g8156e94
  6924 | D:8      | Reached skill level 18 in Axes
  7080 | D:8      | Noticed Maurice
  7080 | D:8      | Noticed Joseph
  7087 | D:8      | Killed Maurice
  7092 | D:8      | Killed Joseph
  7597 | D:8      | Noticed a two-headed ogre
  7604 | D:8      | Killed a two-headed ogre
  7605 | D:8      | Reached skill level 19 in Axes
  7649 | D:8      | Found a snail-covered altar of Cheibriados.
  8516 | D:9      | Reached skill level 1 in Evocations
  8611 | D:9      | Reached XP level 11. HP: 102/102 MP: 11/11
  8622 | D:9      | Reached **** piety under Wu Jian
  8770 | D:9      | Noticed a two-headed ogre
  8785 | D:9      | Killed a two-headed ogre
  8844 | D:9      | Found a burning altar of Makhleb.
  8846 | D:9      | Found a blossoming altar of Fedhas.
  8900 | D:9      | Reached skill level 1 in Dodging
  9060 | D:9      | Identified the +1 robe of Fashionability {^Contam +Inv
                  | rElec rN++}
  9250 | D:9      | Found a staircase to the Orcish Mines.
  9364 | D:10     | Entered Level 10 of the Dungeon
  9394 | D:10     | Noticed Lodul
  9419 | D:10     | Killed Lodul
  9450 | D:10     | Found an ancient bone altar of Kikubaaqudgha.
  9678 | D:10     | Found a staircase to the Lair.
  9778 | D:10     | Found a sacrificial altar of Ru.
  9807 | D:10     | Reached skill level 5 in Armour
  9807 | D:10     | Reached skill level 5 in Shields
 10065 | D:10     | Noticed Sonja
 10066 | D:10     | Sonja changed into Sonja the naga
 10066 | D:10     | Noticed Sonja
 10079 | D:10     | Killed Sonja the naga
 10220 | D:10     | Noticed Grum
 10247 | D:10     | Killed Grum
 10389 | D:10     | Noticed Urug
 10410 | D:10     | Killed Urug
 10924 | Lair:1   | Entered Level 1 of the Lair of Beasts
 11478 | Lair:1   | Noticed an oklob plant
 11652 | Lair:1   | Reached XP level 12. HP: 109/112 MP: 12/12
 12063 | Lair:1   | Reached skill level 20 in Axes
 12204 | Lair:2   | Found a runed translucent door.
 12219 | Lair:2   | Noticed Ifreg's ghost (journeyman DjAl)
 12779 | Lair:2   | You fall into a shaft and drop 1 floor!
 12839 | Lair:3   | Reached ***** piety under Wu Jian
 13128 | Lair:3   | Found a hole to the Spider Nest.
 13136 | Lair:3   | Noticed a catoblepas
 13163 | Lair:3   | Killed a catoblepas
 13538 | Lair:3   | Reached XP level 13. HP: 113/123 MP: 13/13
 14418 | Lair:2   | Found a staircase to the Shoals.
 14599 | Lair:2   | Got Sif Muna's Guide on the Winter and the Vertex
 15335 | Lair:4   | Reached skill level 5 in Dodging
 16134 | Lair:5   | Entered Level 5 of the Lair of Beasts
 16250 | Lair:5   | HP: 5/125 [boulder beetle (37)]
 16325 | Lair:5   | Found a frozen archway.
 16382 | IceCv    | Entered an ice cave
 16920 | IceCv    | Reached skill level 15 in Fighting
 17055 | IceCv    | Noticed a reaper
 17074 | IceCv    | Killed a reaper
 17075 | IceCv    | Reached skill level 21 in Axes
 17415 | Lair:5   | Reached XP level 14. HP: 135/135 MP: 14/14
 17554 | Lair:5   | Reached ****** piety under Wu Jian
 18275 | Lair:5   | Found a viscous altar of Jiyva.
 18275 | Lair:5   | Found a staircase to the Slime Pits.
 18447 | Lair:5   | Upgraded the game from 0.32-a0-532-g8156e94 to
                  | 0.32-a0-536-ge1f55a6
 18447 | Lair:5   | Upgraded the game from 0.32-a0-536-ge1f55a6 to
                  | 0.32-a0-540-g866d131
 18633 | Orc:1    | Entered Level 1 of the Orcish Mines
 18801 | Orc:1    | Found Ogekung's Jewellery Shoppe.
 18801 | Orc:1    | Noticed Josephine
 18811 | Orc:1    | Killed Josephine
 18872 | Orc:1    | Noticed Gastronok
 18909 | Orc:1    | Killed Gastronok
 19230 | Orc:2    | Entered Level 2 of the Orcish Mines
 19244 | Orc:2    | Found Eczeitofo's General Store.
 19460 | Orc:2    | Found a staircase to the Elven Halls.
 19618 | Orc:2    | Reached skill level 10 in Armour
 20203 | Orc:2    | Reached skill level 10 in Shields
 20421 | Orc:2    | Killed from afar by an orc high priest

Illustrated notes

Levels and vault maps discovered:
D:1:      roderic_crop_circles_arrival_small, layout_loops_ring
D:2:      layout_loops_corners, serial_shops, nicolae_shop_bloodbath_and_beyond,
          st_stairs_7, minmay_strange_pillars, minmay_tetromino_o2
D:3:      kennysheep_big_flooded_room, layout_basic, trog_three_pillars_becter,
          lemuel_crystal_altar, serial_shops, shop, portal_sewer_entry_a,
          hangedman_decor_clover_reticule, minmay_cut_off
D:4:      layout_rooms, kennysheep_mini
D:5:      minmay_angry_zag, layout_gridville, tso_metal_star,
          minmay_temple_entry_offerings
D:6:      layout_cave_pods
D:7:      layout_gridville, nicolae_qazlal_style_of_elements, elyvilon_altar_1,
          grunt_dithmenos_smoke_and_mirrors, uniq_maggie
D:8:      layout_basic, marbit_many_paths, serial_bayou, serial_bayou_lagoon_b,
          serial_bayou_pond_e, serial_bayou_pond_c, serial_bayou_shore_a,
          nicolae_eternal_life, uniq_maurice, uniq_joseph
D:9:      layout_rooms, minitemple, orc_0_dummy
D:10:     layout_cave_pods, hangedman_ru_absence, kiku_gazebo_garden_becter,
          dpeg_lair_monsters, nicolae_have_a_lightning_rod, uniq_lodul,
          uniq_sonja, uniq_grum, uniq_urug
D:11:     layout_roguey, serial_ice, serial_ice_k, serial_ice_b, serial_ice_g,
          serial_ice_d, serial_ice_a, hex_large
Lair:1:   layout_hall_layers, lemuel_old_faithful
Lair:2:   layout_chaotic_city, nicolae_shoals_entry_roost,
          gammafunk_ghost_grave, minmay_lair_oklob_items,
          infiniplex_staircase_pool, grunt_megastairs_1
Lair:3:   layout_roguey, spider_nest_entry_rubble, roderic_carrion_pond,
          grunt_forest_large_clearings
Lair:4:   layout_layer_cave, st_stairs_7
Lair:5:   hangedman_lair_tendril_chambers, layout_concentric_octagons,
          dpeg_slime_entry_enclosed, enter_volcano_3, portal_ice_cave_rime
Orc:1:    layout_caves, serial_shops, nicolae_shop_rolling_square,
          nicolae_orc_damp_corner, uniq_gastronok, uniq_josephine
Orc:2:    grunt_orc_tribal_feast, layout_caves, serial_shops, shop,
          nicolae_orc_rockfall

Skill      XL: |  1  2  3  4  5  6  7  8  9 10 11 12 13 14 |
---------------+-------------------------------------------+-----
Axes           | 3 4 6 8 9 12 15 17 19 20 21 | 21.4
Fighting       | 4 5 6 8 10 11 12 13 15 16 | 16.3
Evocations     | 2 3 |  3.7
Dodging        | 3 4 5 6 |  6.5
Shields        | 5 7 9 10 | 10.0
Armour         | 5 7 9 10 | 10.2

Action                     |  1- 3 |  4- 6 |  7- 9 | 10-12 | 13-15 || total
---------------------------+-------+-------+-------+-------+-------++-------
  Melee: War axe           |   110 |   168 |   343 |   804 |   125 ||  1550
         Broad axe         |       |       |       |       |   959 ||   959
  Throw: Stone             |       |       |    17 |    18 |     5 ||    40
         Javelin           |       |       |     2 |       |       ||     2
         Boomerang         |       |       |     1 |     3 |       ||     4
         Dart              |       |       |       |     3 |       ||     3
         Throwing net      |       |       |       |     1 |       ||     1
 Invoke: Serpent's Lash    |       |       |       |     4 |       ||     4
Ability: Lunge             |       |     5 |    24 |    48 |    44 ||   121
         Whirlwind         |       |       |     9 |    84 |    35 ||   128
         Wall Jump         |       |       |     1 |    36 |    62 ||    99
  Evoke: Wand              |       |       |     6 |     7 |     4 ||    17
         Box of beasts     |       |       |       |       |     1 ||     1
    Use: Scroll            |       |     7 |     5 |     5 |     9 ||    26
         Potion            |       |     4 |       |     4 |     2 ||    10
   Stab: Invisible         |       |       |       |     1 |       ||     1
 Armour: Scale mail        |    46 |       |       |       |       ||    46
         Plate armour      |    39 |   170 |   177 |   467 |   559 ||  1412
         Skin              |       |     6 |       |       |       ||     6
  Dodge: Dodged            |    35 |    55 |   131 |   222 |   239 ||   682
         Repelled          |     2 |     2 |    14 |    38 |    14 ||    70
  Block: Buckler           |    25 |    30 |    62 |    54 |       ||   171
         Tower shield      |       |       |       |   233 |   871 ||  1104

Table legend: (Time is in decaauts)
 A = Elapsed time spent in this place.
 B = Non-inter-level travel time spent in this place.
 C = Inter-level travel time spent in this place.
 D = Time resting spent in this place.
 E = Time spent auto-exploring this place.
 F = Levels seen in this place.
 G = Mean time per level.
                   A        B        C        D        E       F      G
               +--------+--------+--------+--------+--------+-----+--------+
         Total |  20639 |  19473 |   1166 |    601 |  14050 |  20 | 1031.9 |
       Dungeon |  10916 |  10316 |    600 |    366 |   7830 |  11 |  992.4 |
          Lair |   6962 |   6576 |    386 |     61 |   4950 |   5 | 1392.4 |
  Orcish Mines |   1699 |   1520 |    179 |     26 |    899 |   2 |  849.5 |
         Sewer |    283 |    283 |      0 |      0 |    165 |   1 |  283.0 |
      Ice Cave |    778 |    778 |      0 |    148 |    205 |   1 |  778.0 |
               +--------+--------+--------+--------+--------+-----+--------+

Top non-repeatable levels by time:
     D:8: 2159 daAuts
  Lair:3: 1622 daAuts
    D:10: 1599 daAuts
  Lair:5: 1585 daAuts
  Lair:1: 1380 daAuts
  Lair:4: 1294 daAuts
  Lair:2: 1079 daAuts
     D:2: 1054 daAuts
   Orc:2: 1016 daAuts
     D:5: 972 daAuts
     D:9: 955 daAuts
     D:7: 939 daAuts
     D:3: 859 daAuts
     D:1: 826 daAuts
   IceCv: 778 daAuts
